 Dungeon Crawl Stone Soup version 0.31.0-9-g3a7656b989 (webtiles) character file.

Game seed: 2115274224678815061

49 qw the Shooter (level 3, -2/20 HPs)
             Began as a Deep Elf Hunter on Feb 2, 2024.
             Killed from afar by an orc wizard (7 damage)
             ... with a magic dart
             ... on level 3 of the Dungeon.
             The game lasted 00:00:04 (1540 turns).

qw the Shooter (Deep Elf Hunter)                    Turns: 1540, Time: 00:00:05

Health: -2/20      AC:  6    Str: 10    XL:     3   Next: 53%
Magic:  5/5        EV:  9    Int: 13    God:
Gold:   82         SH:  0    Dex: 18    Spells: 2/2 levels left

rFire   . . .        a - +0 shortbow
rCold   . . .        (shield currently unavailable)
rNeg    . . .        g - +0 scale mail
rPois   .            (no helmet)
rElec   .            (no cloak)
rCorr   .            (no gloves)
SInv    .            (no boots)
Will    .....        (no amulet)
Stlth   +            (no ring)
HPRegen 0.23/turn    (no ring)
MPRegen 0.09/turn

%: no passive effects
@: no status effects
A: no striking features
a: no special abilities


You were on level 3 of the Dungeon.
You visited 1 branch of the dungeon, and saw 3 of its levels.

You collected 82 gold pieces.


   Skills:
 - Level 1.5 Fighting
 + Level 7.1 Ranged Weapons
 - Level 2.4 Dodging
 - Level 1.2 Stealth


You had 2 spell levels left.
You didn't know any spells.
Your spell library was empty.

Inventory:

Hand Weapons
 a - a +0 shortbow (weapon)
Armour
 g - a +0 scale mail (worn)
Scrolls
 e - a scroll of fear {unknown}
Potions
 b - a potion of brilliance {unknown}
 c - a potion of ambrosia {unknown}
 d - a potion of degeneration {unknown}

Dungeon Overview and Level Annotations

Branches:
Dungeon (3/15)

Altars:
Yredelemnul

Shops:
D:2 [

Annotations:
D:3 2 transporters


Message History

You see here a +0 club.
The shadow imp laughs crazily.
The shadow imp shouts!
You hear a shout!
The orc priest shouts!
The shadow imp shouts, "Crawl home, thou rootless toad-spotted flirt-gill!"
An orc wizard comes into view. It is wielding a +0 dagger.
The orc wizard shouts!
You shoot an arrow.
The arrow closely misses the orc wizard.
You shoot an arrow. The arrow hits the orc wizard.
The orc wizard is moderately wounded.
The orc wizard points at you and mumbles some strange words.
The puff of flame misses you.
You shoot an arrow. The arrow hits the orc wizard.
The orc wizard is moderately wounded.
You shoot an arrow. The arrow hits the orc wizard!
The orc wizard is almost dead.
The orc wizard mumbles some strange words.
The orc wizard flickers and vanishes!
Deactivating autopickup; reactivate with Ctrl-A.
Something hits you.
You shoot an arrow. Something hits you.
You shoot an arrow. Something hits you.
You shoot an arrow.
Something hits you but does no damage. x2
You shoot an arrow. Something hits you.
You shoot an arrow.
You hear some strange, mumbled words.
A puff of flame appears from out of thin air!
The puff of flame hits you. Something hits you but does no damage.
You shoot an arrow. Something hits you.
You shoot an arrow.
You hear some strange, mumbled words.
A magic dart appears from out of thin air!
The magic dart hits you!
You die...

#.#########..#
#.....^......####
####..............
#....##...########
#.######### #.#
#.### #.#
......#.#
......{@#
..#######


There were no monsters in sight!

Vanquished Creatures
  An adder (D:2)
  2 dart slugs (D:1)
  An orc (D:3)
  3 ball pythons
  2 endoplasms
  2 giant cockroaches
  3 goblins
  3 hobgoblins
  4 jackals (D:3)
  2 quokkas (D:1)
  4 bats
  2 frilled lizards (D:2)
  A kobold (D:2)
  2 rats
32 creatures vanquished.

Notes
Turn   | Place    | Note
-------+----------+-------------------------------------------
     0 | D:1      | qw the Deep Elf Hunter began the quest for the Orb.
     0 | D:1      | Reached XP level 1. HP: 12/12 MP: 3/3
     0 | D:1      | 0 ||| qw: Version: 0.3-a-155-g5e7d8dd
     0 | D:1      | 0 ||| qw: Game counter: 2503
     0 | D:1      | 0 ||| qw: Melee chars always use a shield: true
     0 | D:1      | 0 ||| qw: God list: Okawaru
     0 | D:1      | 0 ||| qw: Allow faded altars: false
     0 | D:1      | 0 ||| qw: Do Orc after clearing Dungeon:15 true
     0 | D:1      | 0 ||| qw: Do second Lair branch before Depths: true
     0 | D:1      | 0 ||| qw: Lair rune preference: random
     0 | D:1      | 0 ||| qw: Goals: Normal
     0 | D:1      | 0 ||| PLANNING D:1-11
   267 | D:1      | Reached skill level 6 in Ranged Weapons
   267 | D:1      | Reached XP level 2. HP: 16/16 MP: 4/4
   473 | D:1      | Found a faded altar of an unknown god.
   846 | D:1      | 846 ||| UPGRADING to +0 scale mail.
   856 | D:1      | 856 ||| DROPPING +0 leather armour.
   857 | D:1      | 857 ||| READING scroll labelled LUN CUDUFFAEL.
   862 | D:1      | 862 ||| READING scroll labelled CAXZED VARPHOTTI.
   862 | D:1      | 862 ||| IDENTIFYING scroll labelled HYVVIP HEGESUOGU
   863 | D:1      | 863 ||| DROPPING scroll of butterflies.
   864 | D:1      | 864 ||| DROPPING scroll of blinking.
   920 | D:2      | Found Xomoif's Armour Boutique.
   928 | D:2      | 928 ||| SHOPLISTING +0 pair of boots of flying (138 gold,
                  | have 41).
   928 | D:2      | 928 ||| SHOPLISTING +0 ring mail (48 gold, have 41).
   928 | D:2      | 928 ||| SHOPLISTING +1 pair of gloves (138 gold, have 41).
   928 | D:2      | 928 ||| SHOPLISTING +1 scale mail of cold resistance (192
                  | gold, have 41).
   962 | D:2      | Reached XP level 3. HP: 14/20 MP: 5/5
  1139 | D:2      | Found a basalt altar of Yredelemnul.
  1423 | D:3      | Reached skill level 7 in Ranged Weapons
  1476 | D:3      | Found a transporter.
  1503 | D:3      | Found a transporter.
  1539 | D:3      | HP: 5/20 [something (1)]
  1540 | D:3      | Killed from afar by an orc wizard

Levels and vault maps discovered:
D:1:      ldierk_walled_garden, layout_loops_corners,
          shapermc_ecumenical_altar_pompeii, minmay_misc_feat_rugged
D:2:      layout_rooms, basic_altar, serial_shops, nicolae_shop_statue_plus
D:3:      gammafunk_wand_slinger, layout_loops_ring,
          nicolae_qazlal_beasts_of_the_sky, serial_shops, nicolae_square_shop,
          minmay_misc_feat_chi, chequers_serial_rivers_small_3

Skill      XL: |  1  2  3 |
---------------+----------+-----
Ranged Weapons | 6 7 |  7.1
Fighting       | |  1.5
Dodging        | |  2.4
Stealth        | |  1.2

Action                     || total
---------------------------++-------
   Fire: Shortbow          ||   105
    Use: Scroll            ||     2
 Armour: Scale mail        ||    39
  Dodge: Dodged            ||    30

Table legend:
 A = Non-vault XP
 B = Vault XP
 C = Vault XP percentage of total XP
 D = Non-vault monster count
 E = Vault monster count
 F = Vault count percentage of total count
                 A         B        C        D         E       F
            +---------+---------+-------+---------+---------+-------
      Total |      71 |       0 |   0.0 |      32 |       0 |   0.0
            +---------+---------+-------+---------+---------+-------
        D:1 |      30 |       0 |   0.0 |      14 |       0 |   0.0
        D:2 |      30 |       0 |   0.0 |      13 |       0 |   0.0
        D:3 |      11 |       0 |   0.0 |       5 |       0 |   0.0
            +---------+---------+-------+---------+---------+-------
